AoeStats
← Ivan

Black Forest

508300490Analyzed
2v2 RM · 10d ago on Sep 21, 2026· 68m 55s· 4 players
Game mode
Random Map
Map size
Medium (4 player)
Population
200
Speed
Normal
Resources
Standard
Victory
Conquest
Starting age
Dark Age
Ending age
Imperial Age
RankedLock teamsTeams togetherTeam positionsShared explorationLock speedFull tech treeHidden civsTurbo modeCheats
Victory
Defeat
🇨🇿 Burgundians · Czechia
668
+13
🇺🇸 Celts · United States
664
+13
🇨🇱 Romans · Chile
671
-15
🇨🇱 Byzantines · Chile
546
-11
Jacobzl
15:03 Feudal Age
24:40 Castle Age
28:19 Caravan
37:11 Imperial Age
35:01 Horse Collar
35:10 Double-Bit Axe
36:16 Pikeman
36:56 Squires
36:42 Arson
38:51 Bow Saw
38:44 Heavy Plow
40:14 Chemistry
39:32 Fortified Wall
39:03 Treadmill Crane
39:27 Halberdier
46:18 Light Cavalry
46:59 Husbandry
48:17 Crop Rotation
48:00 Hussar
49:44 Forging
49:35 Scale Mail Armor
49:35 Padded Archer Armor
49:25 Fletching
49:41 Scale Barding Armor
49:12 Elite Skirmisher
51:46 Iron Casting
51:27 Chain Mail Armor
51:07 Bodkin Arrow
51:33 Chain Barding Armor
51:29 Leather Archer Armor
52:01 Ballistics
51:32 Guard Tower
51:27 Arrowslits
61:16 Plate Mail Armor
61:16 Ring Archer Armor
60:46 Bracer
61:22 Plate Barding Armor
61:01 Onager
BonzerJaguar158
16:52 Feudal Age
15:08 Loom
22:23 Castle Age
24:27 Double-Bit Axe
26:05 Bow Saw
34:15 Imperial Age
33:10 Ballistics
33:51 Murder Holes
33:44 Horse Collar
39:12 Wheelbarrow
38:44 Heavy Plow
39:40 Conscription
41:11 Heavy Scorpion
42:56 Ballistas
43:02 Siege Engineers
43:19 Hand Cart
47:03 Man-at-Arms
49:43 Onager
52:57 Long Swordsman
55:16 Pikeman
Tiger Eyes
0:38 Loom
15:43 Feudal Age
16:42 Double-Bit Axe
16:39 Horse Collar
19:39 Fletching
19:49 Padded Archer Armor
21:08 Wheelbarrow
26:47 Castle Age
27:31 Forging
27:21 Scale Mail Armor
28:54 Bodkin Arrow
29:14 Leather Archer Armor
34:20 Pikeman
34:25 Crossbowman
39:31 Imperial Age
37:17 Hand Cart
39:13 Ballistics
39:05 Fortified Wall
39:38 Elite Skirmisher
41:54 Siege Engineers
42:50 Chemistry
42:05 Onager
42:07 Capped Ram
42:16 Capped Ram
42:16 Onager
42:20 Capped Ram
43:24 Conscription
43:27 Caravan
45:03 Halberdier
45:32 Gambesons
45:08 Man-at-Arms
45:33 Arson
46:23 Long Swordsman
47:22 Two-Handed Swordsman
47:27 Siege Ram
50:50 Champion
51:14 Cavalier
51:54 Husbandry
51:15 Light Cavalry
56:29 Elite Woad Raider
Ivan
7:54 Loom
13:58 Wheelbarrow
16:18 Feudal Age
15:23 Double-Bit Axe
15:21 Horse Collar
19:14 Heavy Plow
19:34 Bow Saw
21:05 Hand Cart
24:21 Stone Mining
24:25 Gold Mining
28:30 Castle Age
26:46 Fishing Lines
28:02 Gillnets
30:37 Two-Man Saw
30:11 Crop Rotation
30:19 Gold Shaft Mining
30:22 Stone Shaft Mining
30:24 Scale Barding Armor
30:29 Forging
31:32 Husbandry
32:06 Chain Barding Armor
31:48 Cavalier
32:53 Town Watch
34:03 Town Patrol
36:10 Iron Casting
40:34 Imperial Age
38:16 Burgundian Vineyards
41:58 Conscription
41:18 Paladin
48:56 Plate Barding Armor
49:21 Blast Furnace
48:26 Man-at-Arms
49:07 Squires
49:28 Scale Mail Armor
49:05 Long Swordsman
50:24 Two-Handed Swordsman
51:23 Champion
57:04 Chain Mail Armor
61:44 Capped Ram
Connection lost

Rejoining the realm…

Still unreachable

The connection could not be restored.

Session expired

The server has moved on; the page needs a fresh start.